 Dungeon Crawl Stone Soup version 0.31-a0-237-g2d982f9f85 (webtiles) character file.

Game seed: 6906732096457361729

191767 qw the Marksgargoyle (level 18, -2/129 HPs)
             Began as a Gargoyle Hexslinger on July 10, 2023.
             Was a High Priest of Okawaru.
             Slain by the 27-headed Lernaean hydra (8 damage)
             ... on level 4 of the Swamp.
             The game lasted 00:14:36 (25905 turns).

qw the Marksgargoyle (Gargoyle Hexslinger)         Turns: 25905, Time: 00:14:37

Health: -2/129     AC: 36    Str: 12    XL:     18   Next: 66%
Magic:  23/25      EV: 27    Int: 24    God:    Okawaru [*****.]
Gold:   1247       SH:  0    Dex: 24    Spells: 18/19 levels left

rFire   . . .        d - +8 storm bow {elec, penet}
rCold   . . .        (shield currently unavailable)
rNeg    + . .        z - +1 troll leather armour
rPois   inf          n - +2 helmet
rElec   +            h - scarf {repulsion}
rCorr   .            w - +2 pair of gloves
SInv    +            B - +2 pair of boots of Carid {Drain Regen+ Int+8 SInv}
Will    +....        a - amulet of faith
Stlth   +++          j - +6 ring of dexterity
HPRegen 2.01/turn    y - +4 ring of protection
MPRegen 0.19/turn

%: repel missiles, faith
@: about to teleport, heroic, flying
A: sickness immunity, AC +13, big wings, negative energy resistance 1,
electricity resistance, torment resistance 1, petrification resistance
a: Renounce Religion, Heroism, Finesse, Duel


You were on level 4 of the Swamp.
You worshipped Okawaru.
Okawaru was extremely pleased with you.
You visited 6 branches of the dungeon, and saw 30 of its levels.
You visited the Abyss 1 time.
You also visited: Gauntlet.

You collected 3899 gold pieces.
You spent 2652 gold pieces at shops.


Innate Abilities, Weirdness & Mutations

You are immune to sickness and miasma.
Your stone body is resilient. (AC +13)
You are immune to poison.
Your large and strong wings let you fly.
You resist negative energy. (rN+)
You are resistant to electric shocks. (rElec)
You are resistant to unholy torment.
You are immune to petrification.


   Skills:
 + Level 19.9(24.9) Fighting
 - Level 20.0(25.0) Ranged Weapons
 - Level 10.0(15.0) Armour
 - Level 13.0(18.0) Dodging
 - Level 1.0 Spellcasting
 - Level 2.6 Hexes
 - Level 10.0 Invocations


You had 18 spell levels left.
You knew the following spells:

 Your Spells              Type           Power      Damage    Failure   Level
a - Slow                  Hex            56%        N/A       5%          1

Your spell library contained the following spells:

 Spells                   Type           Power      Damage    Failure   Level
 Inner Flame              Hex/Fire       7%         N/A       26%         3
 Portal Projectile        Hex/Tloc       14%        N/A       26%         3
 Cause Fear               Hex            7%         N/A       45%         4

Inventory:

Hand Weapons
 d - the +8 storm bow (weapon) {elec, penet}
   (You acquired it on level 6 of the Dungeon)
Armour
 c - the +2 cloak "Oghonat" {rPois}
   (Okawaru gifted it to you on level 11 of the Dungeon)

   rPois:     It protects you from poison.
 e - a +2 robe of fire resistance
 h - a scarf of repulsion (worn)
 n - a +2 helmet (worn)
 r - the +2 ring mail "Epugupp" {Harm Drain rC+ Regen+}
   (Okawaru gifted it to you on level 2 of the Lair of Beasts)

   rC:        It protects you from cold.
   Regen:     It increases your rate of health regeneration.
   Drain:     It drains your maximum health when unequipped.
   Harm:      It increases damage dealt and taken.
 w - a +2 pair of gloves (worn)
 z - a +1 troll leather armour (worn)
 B - the +2 pair of boots of Carid (worn) {Drain Regen+ Int+8 SInv}
   (Okawaru gifted it to you on level 12 of the Dungeon)

   Int:       It affects your intelligence (+8).
   SInv:      It lets you see invisible.
   Regen:     It increases your rate of health regeneration.
   Drain:     It drains your maximum health when unequipped.
Jewellery
 a - an amulet of faith (around neck)
 j - a +6 ring of dexterity (left hand)
 l - the amulet of the Good {Reflect rCorr Slay+2 SH+5 Stlth+}
   (You found it on level 13 of the Dungeon)

   [amulet of reflection]

   It reflects blocked missile attacks.
   Slay:      It affects your accuracy & damage with ranged weapons and melee
   (+2).
   rCorr:     It protects you from acid and corrosion.
   SH:        It affects your SH (+5).
   Stlth:     It makes you more stealthy.
 t - a ring of protection from fire
 y - a +4 ring of protection (right hand)
Wands
 p - a wand of digging (24)
Scrolls
 f - a scroll of enchant weapon
 i - 11 scrolls of identify
 k - 8 scrolls of teleportation
 o - a scroll of brand weapon
Potions
 b - 7 potions of haste
 g - 7 potions of might
 m - 4 potions of cancellation
 q - 5 potions of mutation
 s - 7 potions of enlightenment
 u - 2 potions of heal wounds
 v - 4 potions of curing
 x - 3 potions of resistance

Dungeon Overview and Level Annotations

Branches:
Dungeon (15/15)            Temple (1/1) D:4            Lair (5/5) D:11
  Swamp (4/4) Lair:2       Spider (3/4) Lair:3        Slime (0/5) Lair:5
    Orc (2/2) D:11            Elf (0/3) Orc:2        Vaults (0/5) D:13
 Depths (0/4) D:15        Gauntlet (visited)

Altars:
Ashenzari
Cheibriados
Dithmenos
Elyvilon
Fedhas
Gozag
Hepliaklqana
Kikubaaqudgha
Makhleb
Nemelex Xobeh
Okawaru
Qazlal
Ru
Sif Muna
Trog
Uskayaw
Vehumet
Wu Jian
Xom
Yredelemnul
Zin
The Shining One
Jiyva

Shops:
D:6 *   D:9 [   Orc:1 *   Orc:2 (!*!

Annotations:
D:15 1 runed translucent door
Swamp:4 Lernaean hydra


Message History

The 27-headed Lernaean hydra barely misses you.
The 27-headed Lernaean hydra misses you.
The 27-headed Lernaean hydra completely misses you.
The 27-headed Lernaean hydra bites you but does no damage.
The 27-headed Lernaean hydra completely misses you.
The 27-headed Lernaean hydra bites you but does no damage. x2
The 27-headed Lernaean hydra completely misses you.
The 27-headed Lernaean hydra bites you but does no damage. x5
The 27-headed Lernaean hydra completely misses you.
The 27-headed Lernaean hydra bites you.
The 27-headed Lernaean hydra misses you.
The 27-headed Lernaean hydra bites you but does no damage.
The 27-headed Lernaean hydra bites you!
The 27-headed Lernaean hydra closely misses you.
The 27-headed Lernaean hydra bites you.
The 27-headed Lernaean hydra bites you but does no damage. x2
The 27-headed Lernaean hydra closely misses you.
The 27-headed Lernaean hydra bites you but does no damage. x2
The 27-headed Lernaean hydra closely misses you.
The 27-headed Lernaean hydra bites you but does no damage.
The four-headed hydra closely misses you.
The four-headed hydra barely misses you.
The four-headed hydra bites you but does no damage. x2
The swamp dragon bites you. The swamp dragon closely misses you.
The swamp dragon completely misses you. x2; The swamp dragon misses you.
The swamp dragon tramples you but does no damage.
25905 ||| READING 9 scrolls of teleportation.
As you read the scroll of teleportation, it crumbles to dust.
You feel strangely unstable.
The 27-headed Lernaean hydra bites you but does no damage.
The 27-headed Lernaean hydra misses you. x3
The 27-headed Lernaean hydra closely misses you.
The 27-headed Lernaean hydra bites you.
The 27-headed Lernaean hydra bites you but does no damage. x2
The 27-headed Lernaean hydra completely misses you. x2
The 27-headed Lernaean hydra bites you but does no damage. x2
The 27-headed Lernaean hydra bites you.
The 27-headed Lernaean hydra bites you but does no damage.
The 27-headed Lernaean hydra bites you!
You die... 777 77777.777 7 77.7~7DD..~7777 77777

7...~DD@.~.~.~7
77~77~
.~~.##D##D....~~7
77~¤~.~ . #..
##7..¤~.7777..~~~~
#Dk.
#~~.~~77.~.~~~~~
#...D
#77~~.....~~~~~~
#..DD
#~~.~...~~~~~~
[...D
#7~~~~~~~~~.~.
#.....
7~~~~~~~~~.77
#~~~~~~~~~~~.~


You could see the 27-headed Lernaean hydra, a six-headed hydra, a four-headed
hydra and 3 swamp dragons.

Vanquished Creatures
  2 bone dragons (Abyss:2)
  Agnes (Spider:3)
  Gastronok (D:8)
  A tentacled starspawn (Abyss:2)
  A thorn hunter (Swamp:1)
  2 ghost moths
  An orc warlord (Orc:2)
  An ironbound preserver (D:13)
  2 broodmothers
  2 spark wasps (Spider:3)
  4 eleionomae
  A minotaur (Gauntlet)
  Snorg (D:14)
  6 bunyips
  2 shambling mangroves
  4 entropy weavers
  2 ghost crabs
  Erolcha (D:10)
  2 catoblepae
  11 hydras
  3 radroaches
  2 centaur warriors
  12 alligators
  A merfolk avatar (Lair:5)
  5 ogre magi
  19 two-headed ogres
  7 boulder beetles
  A death knight (D:13)
  3 tengu warriors
  8 demonic crawlers
  A hell hog (Abyss:2)
  9 death yaks
  3 thrashing horrors (Abyss:2)
  Urug (D:11)
  A soul eater (Gauntlet)
  Sonja (Lair:4)
  5 skysharks
  A spectral catoblepas (Lair:2)
  Nergalle (Lair:1)
  A sun moth (Spider:3)
  5 goliath frogs
  2 wretched stars (Abyss:2)
  4 spriggan druids
  4 orb spiders
  5 swamp dragons (Swamp:4)
  4 bog bodies
  An orc knight (D:15)
  2 harpies (Lair:5)
  A necromancer (D:15)
  2 wizards
  A deep elf zephyrmancer (D:15)
  11 wolf spiders
  4 deep elf pyromancers
  2 orc sorcerers
  4 steelbarb worms
  5 will-o-the-wisps
  12 ugly things
  5 manticores
  5 moths of wrath
  6 cyclopes
  Joseph (D:7)
  3 black mambas
  A guardian serpent (D:13)
  15 elephants
  A naga mage (D:15)
  16 slime creatures
  A smoke demon (Abyss:2)
  An orange demon (Abyss:2)
  3 torpor snails
  Maggie (D:8)
  2 centaur skeletons (D:15)
  14 cane toads
  12 komodo dragons
  3 unseen horrors
  2 rime drakes
  A redback zombie (D:15)
  4 tengu conjurers
  A bloated husk (Swamp:3)
  A queen bee (D:12)
  14 polar bears
  3 meliai (D:12)
  A hellwing (Abyss:2)
  2 raiju (Gauntlet)
  13 hornets
  7 tyrant leeches
  19 tarantellas
  A wind drake (Lair:5)
  7 dream sheep (Lair:5)
  6 trolls
  Prince Ribbit (D:7)
  16 blink frogs
  9 jumping spiders
  2 vampires
  15 spriggans
  Sigmund (D:6)
  3 shadows
  13 culicivoras
  65 yaks
  5 wyverns
  2 centaur simulacra (D:15)
  A ynoxinul (Abyss:2)
  5 basilisks
  5 large abominations
  A steam dragon (D:7)
  4 wraiths
  3 spectral komodo dragons (Lair:2)
  A golden eye (Abyss:2)
  Grum (Lair:1)
  25 vampire mosquitoes
  39 redbacks
  3 wargs (Orc:2)
  16 swamp worms
  An acid dragon (D:13)
  14 water moccasins
  A spectral torpor snail (Lair:2)
  22 orc warriors
  A spectral yak (Lair:2)
  2 sky beasts
  7 swamp drakes
  An ice beast (D:5)
  2 black bears
  23 ogres
  6 wolves
  5 centaurs
  6 kobold brigands
  8 bullfrogs
  3 scorpions
  5 wights (D:8)
  30 killer bees
  5 howler monkeys
  4 hounds
  7 jellies
  8 orc priests
  A gnoll bouda (D:9)
  3 iguanas
  An iron imp (Abyss:2)
  A sleepcap (D:4)
  23 orc wizards
  2 lightning spires (Gauntlet)
  7 hell rats (Lair:1)
  7 gnolls
  5 adders
  4 river rats (Lair:1)
  2 shadow imps (Gauntlet)
  2 worms (D:2)
  3 dart slugs
  61 orcs
  6 endoplasms
  3 giant cockroaches
  8 goblins
  5 hobgoblins
  32 kobolds
  3 quokkas
  10 ball pythons
  6 bats
  5 frilled lizards
  12 rats
983 creatures vanquished.

Vanquished Creatures (others)
  An orc wizard (D:6)
  A kobold (D:6)
  11 foxfires (Swamp:2)
13 creatures vanquished.

Grand Total: 996 creatures vanquished

Notes
Turn   | Place    | Note
-------+----------+-------------------------------------------
     0 | D:1      | qw the Gargoyle Hexslinger began the quest for the Orb.
     0 | D:1      | Reached XP level 1. HP: 12/12 MP: 2/2
     0 | D:1      | 0 ||| qw: Version: 0.3-a-52-g30416fa
     0 | D:1      | 0 ||| qw: Game counter: 5234
     0 | D:1      | 0 ||| qw: Melee chars always use a shield: true
     0 | D:1      | 0 ||| qw: God list: Okawaru
     0 | D:1      | 0 ||| qw: Allow faded altars: false
     0 | D:1      | 0 ||| qw: Do Orc after clearing Dungeon:15 true
     0 | D:1      | 0 ||| qw: Do second Lair branch before Depths: true
     0 | D:1      | 0 ||| qw: Lair rune preference: random
     0 | D:1      | 0 ||| qw: Goals: Normal
     0 | D:1      | 0 ||| PLANNING D:1-11
    88 | D:1      | Reached XP level 2. HP: 16/16 MP: 3/3
   207 | D:1      | Reached skill level 3 in Ranged Weapons
   565 | D:1      | 565 ||| UPGRADING to amulet of reflection.
   570 | D:1      | 570 ||| DROPPING ring of wizardry.
   571 | D:1      | 571 ||| READING scroll labelled ICIZUPE DUORA.
   575 | D:1      | 575 ||| READING scroll labelled QIENWY DEM.
   576 | D:1      | 576 ||| DROPPING scroll of poison.
   678 | D:2      | Reached XP level 3. HP: 21/21 MP: 4/4
  1292 | D:2      | HP: 5/21 [gnoll/+3 spear of pain (10)]
  1294 | D:2      | Reached XP level 4. HP: 6/26 MP: 5/5
  1299 | D:2      | Reached skill level 4 in Ranged Weapons
  1363 | D:2      | 1363 ||| FLEEEEING.
  1364 | D:2      | 1364 ||| FLEEEEING.
  1365 | D:2      | 1365 ||| FLEEEEING.
  1488 | D:2      | Found a faded altar of an unknown god.
  1546 | D:2      | 1546 ||| UPGRADING to +0 ring mail.
  1556 | D:2      | 1556 ||| DROPPING +0 robe.
  1557 | D:2      | 1557 ||| UPGRADING to +2 pair of boots.
  1562 | D:2      | 1562 ||| UPGRADING to +0 cloak.
  1567 | D:2      | 1567 ||| UPGRADING to +6 ring of strength.
  1568 | D:2      | 1568 ||| READING scroll labelled RITEYL JIUT.
  1569 | D:2      | 1569 ||| READING scroll labelled LIAXIE SERGHE.
  1570 | D:2      | 1570 ||| READING scroll labelled POTRUR UTYIRPHI.
  1571 | D:2      | 1571 ||| READING scroll labelled NUGONE DOPS.
  1770 | D:3      | Reached skill level 1 in Armour
  1845 | D:3      | Noticed a black bear
  1863 | D:3      | Reached XP level 5. HP: 13/30 MP: 6/6
  1872 | D:3      | Killed a black bear
  1873 | D:3      | Reached skill level 5 in Ranged Weapons
  2086 | D:3      | Found a glowing golden altar of the Shining One.
  2211 | D:3      | Found a stormy altar of Qazlal.
  2211 | D:3      | Noticed a sky beast
  2246 | D:3      | Killed a sky beast
  2247 | D:3      | Reached skill level 3 in Fighting
  2247 | D:3      | Reached XP level 6. HP: 13/38 MP: 7/7
  2571 | D:3      | 2571 ||| READING 2 scrolls labelled MEASCH SEFACUMO.
  2572 | D:3      | 2572 ||| READING scroll labelled HEEJILEICU.
  2573 | D:3      | 2573 ||| DRINKING 3 fuming white potions.
  2574 | D:3      | 2574 ||| DRINKING 2 emerald potions.
  2575 | D:3      | 2575 ||| READING 2 scrolls of identify.
  2575 | D:3      | 2575 ||| IDENTIFYING red potion
  2576 | D:3      | 2576 ||| DROPPING potion of ambrosia.
  2577 | D:3      | 2577 ||| DROPPING scroll of fear.
  2714 | D:4      | Reached skill level 6 in Ranged Weapons
  2815 | D:4      | Found a broken altar of Ashenzari.
  2972 | D:4      | Found a staircase to the Ecumenical Temple.
  2973 | D:4      | 2973 ||| PLANNING TEMPLE
  2973 | D:4      | 2973 ||| UPGRADING to ring of resist corrosion.
  2996 | Temple   | Entered the Ecumenical Temple
  3130 | Temple   | 3130 ||| PLANNING OKAWARU WORSHIP
  3231 | Temple   | Became a worshipper of Warmaster Okawaru
  3232 | Temple   | 3232 ||| PLANNING D:1-11
  3281 | D:4      | Found a burning altar of Makhleb.
  3342 | D:4      | Reached XP level 7. HP: 25/43 MP: 8/8
  3708 | D:4      | 3708 ||| READING scroll labelled SIOSMU YROW.
  3709 | D:4      | 3709 ||| READING scroll labelled MYH YHODEOGI.
  3710 | D:4      | 3710 ||| READING 2 scrolls of identify.
  3710 | D:4      | 3710 ||| IDENTIFYING orange potion
  3733 | D:5      | Entered Level 5 of the Dungeon
  3741 | D:5      | 3741 ||| STAIRDANCE
  4010 | D:5      | Reached skill level 7 in Ranged Weapons
  4017 | D:5      | Reached * piety under Okawaru
  4253 | D:5      | 4253 ||| INVOKING Heroism.
  4349 | D:5      | 4349 ||| DRINKING 2 potions of curing.
  4349 | D:5      | 4349 ||| (to cure confusion)
  4427 | D:5      | 4427 ||| DRINKING potion of curing.
  4427 | D:5      | 4427 ||| (to cure confusion)
  4716 | D:5      | 4716 ||| READING scroll labelled CAFAC DISUPOPRYMI.
  4923 | D:6      | Reached skill level 1 in Invocations
  4923 | D:6      | Reached XP level 8. HP: 44/48 MP: 9/9
  4935 | D:6      | 4935 ||| Stepping ~*~*~tactically~*~*~ (outnumbered).
  4943 | D:6      | 4943 ||| FLEEEEING.
  4947 | D:6      | 4947 ||| DRINKING potion of curing.
  4947 | D:6      | 4947 ||| (to cure confusion)
  4949 | D:6      | 4949 ||| INVOKING Heroism.
  4965 | D:6      | Reached skill level 8 in Ranged Weapons
  4973 | D:6      | 4973 ||| INVOKING Heroism.
  4987 | D:6      | HP: 12/48 [orc wizard/magic dart (4)]
  4988 | D:6      | Reached skill level 3 in Invocations
  4988 | D:6      | 4988 ||| READING 2 scrolls of teleportation.
  4989 | D:6      | 4989 ||| DRINKING 2 potions of heal wounds.
  4992 | D:6      | Noticed Sigmund
  4998 | D:6      | 4998 ||| INVOKING Heroism.
  5021 | D:6      | HP: 8/48 [something (8)]
  5022 | D:6      | 5022 ||| READING scroll of teleportation.
  5023 | D:6      | 5023 ||| DRINKING potion of heal wounds.
  5024 | D:6      | 5024 ||| INVOKING Heroism.
  5045 | D:6      | 5045 ||| FLEEEEING.
  5066 | D:6      | 5066 ||| INVOKING Heroism.
  5229 | D:6      | 5229 ||| INVOKING Heroism.
  5247 | D:6      | Killed Sigmund
  5274 | D:6      | Found Tont's Fire Supplies.
  5283 | D:6      | 5283 ||| BUYING +0 ring mail of fire resistance (154 gold).
  5283 | D:6      | Bought a +0 ring mail of fire resistance for 154 gold
                  | pieces
  5283 | D:6      | 5283 ||| SHOPLISTING +2 sling of flaming (205 gold, have
                  | 162).
  5642 | D:6      | 5642 ||| UPGRADING to +0 helmet.
  5647 | D:6      | 5647 ||| UPGRADING to +0 ring mail of fire resistance.
  5657 | D:6      | 5657 ||| DROPPING +0 ring mail.
  5658 | D:6      | 5658 ||| UPGRADING to ring of protection from cold.
  5660 | D:6      | 5660 ||| UPGRADING to +6 ring of strength.
  5662 | D:6      | 5662 ||| READING scroll labelled BISIMA LUINI.
  5662 | D:6      | Identified a scroll of acquirement
  5662 | D:6      | 5662 ||| ACQUIRING +8 storm bow {elec, penet}
  5662 | D:6      | Acquired the +8 storm bow {elec, penet}
  5662 | D:6      | Found the +8 storm bow {elec, penet}
  5664 | D:6      | 5664 ||| SWAPPING to +8 storm bow {elec, penet}.
  5665 | D:6      | 5665 ||| DROPPING +2 sling.
  5666 | D:6      | 5666 ||| DRINKING 2 fuming amethyst potions.
  5667 | D:6      | 5667 ||| DRINKING 3 fuming coppery potions.
  5668 | D:6      | 5668 ||| READING 2 scrolls of identify.
  5668 | D:6      | 5668 ||| IDENTIFYING yellow potion
  5669 | D:6      | 5669 ||| DROPPING potion of degeneration.
  5670 | D:6      | 5670 ||| DROPPING potion of brilliance.
  5671 | D:6      | 5671 ||| DROPPING 2 potions of attraction.
  5685 | D:7      | Identified the +0 robe of Xossewuk {+Inv Int-3 Dex+4}
  5706 | D:7      | Found a flagged portal.
  5713 | D:7      | 5713 ||| Stepping ~*~*~tactically~*~*~ (outnumbered).
  5750 | D:7      | 5750 ||| INVOKING Heroism.
  5931 | D:7      | Found a glowing silver altar of Zin.
  6020 | D:7      | Noticed a wyvern
  6023 | D:7      | Killed a wyvern
  6024 | D:7      | Reached skill level 9 in Ranged Weapons
  6024 | D:7      | Reached XP level 9. HP: 55/55 MP: 11/11
  6024 | D:7      | 6024 ||| INVOKING Heroism.
  6060 | D:7      | 6060 ||| INVOKING Heroism.
  6196 | D:7      | Noticed Prince Ribbit
  6197 | D:7      | 6197 ||| INVOKING Heroism.
  6213 | D:7      | Killed Prince Ribbit
  6299 | D:7      | Found a blossoming altar of Fedhas.
  6365 | D:7      | Noticed Joseph
  6368 | D:7      | Reached skill level 6 in Fighting
  6370 | D:7      | 6370 ||| FLEEEEING.
  6374 | D:7      | 6374 ||| FLEEEEING.
  6375 | D:7      | 6375 ||| FLEEEEING.
  6376 | D:7      | 6376 ||| FLEEEEING.
  6377 | D:7      | 6377 ||| FLEEEEING.
  6378 | D:7      | 6378 ||| FLEEEEING.
  6379 | D:7      | 6379 ||| FLEEEEING.
  6385 | D:7      | 6385 ||| FLEEEEING.
  6386 | D:7      | 6386 ||| FLEEEEING.
  6387 | D:7      | 6387 ||| FLEEEEING.
  6393 | D:7      | 6393 ||| STAIRDANCE
  6451 | D:6      | 6451 ||| UPGRADING to +0 robe of Xossewuk {+Inv Int-3
                  | Dex+4}.
  6461 | D:6      | 6461 ||| READING scroll labelled REOWAREBOX.
  6462 | D:6      | 6462 ||| DRINKING 2 sapphire potions.
  6463 | D:6      | 6463 ||| READING 2 scrolls of identify.
  6463 | D:6      | 6463 ||| IDENTIFYING glowing inky potion
  6464 | D:6      | 6464 ||| DROPPING potion of invisibility.
  6475 | D:7      | Killed Joseph
  6476 | D:7      | Reached skill level 3 in Dodging
  6523 | D:8      | 6523 ||| STAIRDANCE
  6526 | D:7      | Reached ** piety under Okawaru
  6578 | D:8      | Reached skill level 10 in Ranged Weapons
  6585 | D:8      | Reached XP level 10. HP: 58/63 MP: 13/13
  6625 | D:8      | Found an ornate altar of the Wu Jian Council.
  6658 | D:8      | 6658 ||| INVOKING Heroism.
  6811 | D:8      | Noticed Gastronok
  6812 | D:8      | 6812 ||| INVOKING Heroism.
  6813 | D:8      | Noticed Maggie
  6820 | D:8      | Killed Maggie
  6821 | D:8      | Reached skill level 11 in Ranged Weapons
  6823 | D:8      | Reached *** piety under Okawaru
  6831 | D:8      | Killed Gastronok
  6907 | D:8      | 6907 ||| FLEEEEING.
  6970 | D:8      | 6970 ||| INVOKING Heroism.
  7089 | D:8      | 7089 ||| Stepping ~*~*~tactically~*~*~ (outnumbered).
  7174 | D:8      | 7174 ||| UPGRADING to scarf of repulsion.
  7184 | D:8      | 7184 ||| READING scroll labelled RUNNOEDWIA.
  7185 | D:8      | 7185 ||| DRINKING 2 smoky orange potions.
  7204 | D:8      | 7204 ||| DROPPING potion of lignification.
  7314 | D:9      | Reached **** piety under Okawaru
  7344 | D:9      | 7344 ||| Stepping ~*~*~tactically~*~*~ (outnumbered).
  7347 | D:9      | 7347 ||| Stepping ~*~*~tactically~*~*~ (outnumbered).
  7348 | D:9      | 7348 ||| INVOKING Heroism.
  7431 | D:9      | 7431 ||| INVOKING Heroism.
  7592 | D:9      | Noticed a red ugly thing
  7593 | D:9      | Noticed a cyclops
  7594 | D:9      | Noticed a boulder beetle
  7594 | D:9      | Noticed a boulder beetle
  7629 | D:9      | Noticed a deep elf pyromancer
  7629 | D:9      | Noticed a catoblepas
  7629 | D:9      | Identified the amulet of Hawkubuo {Faith rElec Int+3 Dex-5}
  7630 | D:9      | Found Yggocvisch's Armour Shop.
  7632 | D:9      | Noticed a tengu warrior
  7633 | D:9      | Reached XP level 11. HP: 68/68 MP: 13/15
  7654 | D:9      | 7654 ||| SHOPLISTING +0 pair of gloves "Nusys" {rPois
                  | Str+2} (318 gold, have 311).
  7654 | D:9      | 7654 ||| BUYING +2 helmet (264 gold).
  7654 | D:9      | Bought a +2 helmet for 264 gold pieces
  7654 | D:9      | 7654 ||| SHOPLISTING +3 ring mail (336 gold, have 47).
  7779 | D:9      | 7779 ||| UPGRADING to +2 helmet.
  7789 | D:9      | 7789 ||| DROPPING +0 helmet.
  7790 | D:9      | 7790 ||| UPGRADING to +0 pair of gloves.
  7795 | D:9      | 7795 ||| DROPPING ring of ice.
  7796 | D:9      | 7796 ||| DROPPING ring of resist corrosion.
  7797 | D:9      | 7797 ||| UPGRADING to +6 ring of dexterity.
  7799 | D:9      | 7799 ||| UPGRADING to ring of protection from cold.
  7801 | D:9      | 7801 ||| READING 3 scrolls of identify.
  7801 | D:9      | 7801 ||| IDENTIFYING grey potion
  7831 | D:10     | Entered Level 10 of the Dungeon
  7853 | D:10     | Found Paqes's Jewellery Shop.
  7854 | D:10     | 7854 ||| INVOKING Heroism.
  7856 | D:10     | Reached skill level 6 in Invocations
  7949 | D:10     | Noticed a two-headed ogre
  7970 | D:10     | 7970 ||| UPGRADING to amulet of faith.
  7980 | D:10     | 7980 ||| INVOKING Heroism.
  7984 | D:10     | Killed a two-headed ogre
  7985 | D:10     | Reached skill level 12 in Ranged Weapons
  8354 | D:10     | 8354 ||| Stepping ~*~*~tactically~*~*~ (outnumbered).
  8356 | D:10     | 8356 ||| Stepping ~*~*~tactically~*~*~ (outnumbered).
  8357 | D:10     | 8357 ||| Stepping ~*~*~tactically~*~*~ (outnumbered).
  8446 | D:10     | 8446 ||| INVOKING Heroism.
  8474 | D:10     | Noticed Erolcha
  8475 | D:10     | 8475 ||| INVOKING Heroism.
  8479 | D:10     | Killed Erolcha
  8706 | D:11     | Noticed Urug
  8707 | D:11     | 8707 ||| INVOKING Heroism.
  8722 | D:11     | Killed Urug
  8722 | D:11     | Reached ***** piety under Okawaru
  8766 | D:11     | 8766 ||| Stepping randomly (disturbance).
  8804 | D:11     | Found a staircase to the Lair.
  8850 | D:11     | Noticed a boulder beetle
  8851 | D:11     | 8851 ||| INVOKING Heroism.
  8852 | D:11     | 8852 ||| INVOKING Finesse.
  8860 | D:11     | Killed a boulder beetle
  8860 | D:11     | Identified the +2 cloak "Oghonat" {rPois} (Okawaru gifted
                  | it to you on level 11 of the Dungeon)
  8860 | D:11     | Received a gift from Okawaru
  8861 | D:11     | Reached skill level 13 in Ranged Weapons
  9057 | D:11     | 9057 ||| INVOKING Heroism.
  9085 | D:11     | Found a staircase to the Orcish Mines.
  9141 | D:11     | Reached skill level 9 in Invocations
  9237 | D:11     | Noticed a manticore
  9238 | D:11     | 9238 ||| INVOKING Heroism.
  9240 | D:11     | Killed a manticore
  9241 | D:11     | Reached XP level 12. HP: 75/75 MP: 15/19
  9329 | D:11     | Reached skill level 9 in Fighting
  9784 | D:11     | 9784 ||| Stepping ~*~*~tactically~*~*~ (outnumbered).
  9788 | D:11     | 9788 ||| Stepping ~*~*~tactically~*~*~ (outnumbered).
  9843 | D:11     | 9843 ||| PLANNING LAIR
  9843 | D:11     | 9843 ||| DROPPING +0 cloak.
  9844 | D:11     | 9844 ||| DROPPING amulet of magic regeneration.
  9845 | D:11     | 9845 ||| DROPPING +6 ring of intelligence.
  9846 | D:11     | 9846 ||| DRINKING 2 bubbling grey potions.
  9891 | Lair:1   | Entered Level 1 of the Lair of Beasts
  9892 | Lair:1   | 9892 ||| PLANNING GAUNTLET
  9898 | Lair:1   | Reached skill level 6 in Dodging
  9905 | Lair:1   | 9905 ||| INVOKING Heroism.
  9906 | Lair:1   | Noticed Nergalle
  9915 | Lair:1   | Killed Nergalle
 10054 | Lair:1   | 10054 ||| INVOKING Heroism.
 10069 | Lair:1   | Noticed a catoblepas
 10070 | Lair:1   | 10070 ||| INVOKING Finesse.
 10074 | Lair:1   | Killed a catoblepas
 10075 | Lair:1   | Reached skill level 14 in Ranged Weapons
 10167 | Lair:1   | Found a gate leading to a gauntlet.
 10177 | Gauntlet | Entered a Gauntlet
 10177 | Gauntlet | Noticed a soul eater
 10177 | Gauntlet | Found a transporter.
 10177 | Gauntlet | Found a transporter.
 10180 | Gauntlet | Found a transporter.
 10181 | Gauntlet | Found a transporter.
 10181 | Gauntlet | Found a transporter.
 10181 | Gauntlet | Found a transporter.
 10195 | Gauntlet | Found a transporter.
 10197 | Gauntlet | Found a transporter.
 10205 | Gauntlet | Found a transporter.
 10307 | Gauntlet | Found a transporter.
 10311 | Gauntlet | Found a transporter.
 10321 | Gauntlet | Found a transporter.
 10398 | Gauntlet | Killed a soul eater
 10404 | Gauntlet | 10404 ||| READING 3 scrolls of identify.
 10404 | Gauntlet | 10404 ||| IDENTIFYING ruby potion
 10414 | Gauntlet | 10414 ||| INVOKING Heroism.
 10475 | Gauntlet | 10475 ||| DROPPING scarf of repulsion.
 10501 | Gauntlet | Identified the +0 kite shield of Fuudetal {Will- Regen+
                  | rCorr} (Okawaru gifted it to you in a Gauntlet)
 10501 | Gauntlet | Received a gift from Okawaru
 10521 | Gauntlet | 10521 ||| READING scroll labelled POSHRA GELACA.
 10534 | Gauntlet | Identified the +2 orcbow "Egoh Zauhyz" {freeze, rPois
                  | Str+4}
 10534 | Gauntlet | Identified the +1 flail "Orb Guardian's Curse" {vamp, rElec
                  | rPois rF+ Will+}
 10534 | Gauntlet | Noticed a minotaur
 10535 | Gauntlet | 10535 ||| INVOKING Heroism.
 10536 | Gauntlet | 10536 ||| INVOKING Finesse.
 10541 | Gauntlet | Killed a minotaur
 10595 | Gauntlet | Identified the +1 buckler "Kucun" {rN+}
 10623 | Gauntlet | 10623 ||| DROPPING +0 cloak of willpower.
 10624 | Gauntlet | 10624 ||| DROPPING +1 leather armour of positive energy.
 10625 | Gauntlet | 10625 ||| DROPPING +6 ring of strength.
 10626 | Gauntlet | 10626 ||| DROPPING ring of willpower.
 10627 | Gauntlet | 10627 ||| UPGRADING to +4 ring of protection.
 10629 | Gauntlet | 10629 ||| DROPPING ring of magical power.
 10630 | Gauntlet | 10630 ||| DROPPING ring of protection from cold.
 10642 | Lair:1   | 10642 ||| PLANNING LAIR
 10805 | Lair:1   | 10805 ||| INVOKING Heroism.
 11010 | Lair:1   | Noticed an eight-headed hydra
 11010 | Lair:1   | Noticed Grum
 11011 | Lair:1   | 11011 ||| INVOKING Heroism.
 11012 | Lair:1   | 11012 ||| INVOKING Finesse.
 11016 | Lair:1   | Killed an eight-headed hydra
 11017 | Lair:1   | Reached skill level 15 in Ranged Weapons
 11021 | Lair:1   | Killed Grum
 11022 | Lair:1   | Reached XP level 13. HP: 61/82 MP: 12/20
 11305 | Lair:1   | 11305 ||| READING scroll labelled HOUPRAE NYUG.
 11340 | Lair:2   | 11340 ||| STAIRDANCE
 11424 | Lair:2   | 11424 ||| INVOKING Heroism.
 11425 | Lair:2   | 11425 ||| INVOKING Finesse.
 11529 | Lair:2   | 11529 ||| INVOKING Heroism.
 11549 | Lair:2   | Reached skill level 16 in Ranged Weapons
 11729 | Lair:2   | 11729 ||| INVOKING Heroism.
 11785 | Lair:2   | 11785 ||| INVOKING Heroism.
 11888 | Lair:2   | Identified the +2 ring mail "Epugupp" {Harm Drain rC+
                  | Regen+} (Okawaru gifted it to you on level 2 of the Lair of
                  | Beasts)
 11888 | Lair:2   | Received a gift from Okawaru
 12202 | Lair:2   | 12202 ||| FLEEEEING.
 12203 | Lair:2   | 12203 ||| FLEEEEING.
 12204 | Lair:2   | 12204 ||| FLEEEEING.
 12205 | Lair:2   | 12205 ||| FLEEEEING.
 12206 | Lair:2   | 12206 ||| FLEEEEING.
 12207 | Lair:2   | 12207 ||| FLEEEEING.
 12209 | Lair:2   | 12209 ||| FLEEEEING.
 12210 | Lair:2   | 12210 ||| FLEEEEING.
 12212 | Lair:2   | 12212 ||| FLEEEEING.
 12213 | Lair:2   | 12213 ||| FLEEEEING.
 12214 | Lair:2   | 12214 ||| FLEEEEING.
 12257 | Lair:2   | Found a staircase to the Swamp.
 12263 | Lair:2   | 12263 ||| INVOKING Heroism.
 12372 | Lair:2   | 12372 ||| READING 3 scrolls of identify.
 12372 | Lair:2   | 12372 ||| IDENTIFYING clear potion
 12373 | Lair:2   | 12373 ||| DROPPING potion of berserk rage.
 12436 | Lair:3   | Found a hole to the Spider Nest.
 12485 | Lair:3   | Reached skill level 17 in Ranged Weapons
 12585 | Lair:3   | 12585 ||| INVOKING Heroism.
 12636 | Lair:3   | 12636 ||| INVOKING Heroism.
 12794 | Lair:3   | 12794 ||| READING scroll of acquirement.
 12794 | Lair:3   | 12794 ||| ACQUIRING 1114 gold pieces
 12794 | Lair:3   | Acquired 1114 gold pieces
 13065 | Lair:4   | 13065 ||| INVOKING Heroism.
 13068 | Lair:4   | Gained mutation: Your large and strong wings let you fly.
                  | [Gargoyle growth]
 13068 | Lair:4   | Reached XP level 14. HP: 89/90 MP: 18/21
 13185 | Lair:4   | 13185 ||| INVOKING Heroism.
 13277 | Lair:4   | Noticed Sonja
 13278 | Lair:4   | 13278 ||| INVOKING Finesse.
 13287 | Lair:4   | Killed Sonja
 13400 | Lair:4   | 13400 ||| INVOKING Heroism.
 13401 | Lair:4   | 13401 ||| INVOKING Finesse.
 13429 | Lair:4   | Received a gift from Okawaru
 13512 | Lair:4   | Reached skill level 18 in Ranged Weapons
 13821 | Lair:5   | Entered Level 5 of the Lair of Beasts
 13822 | Lair:5   | 13822 ||| INVOKING Heroism.
 13850 | Lair:5   | 13850 ||| STAIRDANCE
 13853 | Lair:4   | Reached skill level 12 in Fighting
 14023 | Lair:5   | 14023 ||| STAIRDANCE
 14111 | Lair:5   | 14111 ||| STAIRDANCE
 14137 | Lair:5   | 14137 ||| STAIRDANCE
 14230 | Lair:5   | 14230 ||| INVOKING Heroism.
 14231 | Lair:5   | 14231 ||| INVOKING Finesse.
 14365 | Lair:5   | 14365 ||| INVOKING Heroism.
 14385 | Lair:5   | Found a viscous altar of Jiyva.
 14390 | Lair:5   | Reached skill level 9 in Dodging
 14400 | Lair:5   | Identified the +8 plate armour "Nuyl" {Slay+2} (Okawaru
                  | gifted it to you on level 5 of the Lair of Beasts)
 14400 | Lair:5   | Received a gift from Okawaru
 14441 | Lair:5   | 14441 ||| INVOKING Heroism.
 14477 | Lair:5   | Found an ornate altar of the Wu Jian Council.
 14516 | Lair:5   | Found a staircase to the Slime Pits.
 14793 | Lair:5   | 14793 ||| INVOKING Heroism.
 14794 | Lair:5   | 14794 ||| INVOKING Finesse.
 14809 | Lair:5   | Reached XP level 15. HP: 96/96 MP: 15/22
 14855 | Lair:5   | Identified the +6 trident of Bimeassoc {vamp, Dex+3 Stlth+}
 14957 | Lair:5   | Reached skill level 19 in Ranged Weapons
 15161 | Lair:5   | 15161 ||| PLANNING D
 15365 | D:12     | Identified the +0 ring mail "Tine" {rN++ rCorr Str-2}
 15845 | D:12     | Found a burning altar of Makhleb.
 15909 | D:12     | Identified the +2 pair of boots of Carid {Drain Regen+
                  | Int+8 SInv} (Okawaru gifted it to you on level 12 of the
                  | Dungeon)
 15909 | D:12     | Received a gift from Okawaru
 15930 | D:12     | 15930 ||| INVOKING Heroism.
 15955 | D:12     | 15955 ||| FLEEEEING.
 16249 | D:12     | 16249 ||| DROPPING +0 ring mail "Tine" {rN++ rCorr Str-2}.
 16250 | D:12     | 16250 ||| UPGRADING to +0 troll leather armour.
 16260 | D:12     | 16260 ||| DROPPING +0 robe of Xossewuk {+Inv Int-3 Dex+4}.
 16261 | D:12     | 16261 ||| UPGRADING to +2 pair of boots of Carid {Drain
                  | Regen+ Int+8 SInv}.
 16271 | D:12     | 16271 ||| DROPPING +2 pair of boots.
 16374 | D:13     | Found a gate to the Vaults.
 16405 | D:13     | 16405 ||| INVOKING Heroism.
 16407 | D:13     | HP: 7/98 [death knight/+2 halberd (20)]
 16408 | D:13     | 16408 ||| READING 8 scrolls of teleportation.
 16409 | D:13     | 16409 ||| DRINKING 4 potions of heal wounds.
 16474 | D:13     | 16474 ||| INVOKING Heroism.
 16607 | D:13     | Reached skill level 6 in Armour
 16647 | D:13     | Identified the amulet of the Good {Reflect rCorr Slay+2
                  | SH+5 Stlth+}
 16661 | D:13     | Identified the +6 shortbow "Transmigrator" {antimagic, rC+
                  | Str+3}
 16662 | D:13     | Identified the +1 scale mail "Ebox" {Dex+3}
 16663 | D:13     | Identified the +4 sling "Bitej Ilah" {flame, SInv}
 16666 | D:13     | Identified the +3 robe "Feisauc" {Harm Str-2 Int+3 Dex+2}
 16911 | D:13     | 16911 ||| UPGRADING to +1 troll leather armour.
 16921 | D:13     | 16921 ||| DROPPING +0 troll leather armour.
 16922 | D:13     | 16922 ||| DROPPING +3 robe "Feisauc" {Harm Str-2 Int+3
                  | Dex+2}.
 16923 | D:13     | 16923 ||| DROPPING amulet of guardian spirit.
 16924 | D:13     | 16924 ||| DROPPING amulet of reflection.
 16946 | D:14     | 16946 ||| PLANNING BAZAAR
 17148 | D:14     | Noticed Snorg
 17156 | D:14     | Killed Snorg
 17213 | Abyss:2  | Cast into level 2 of the Abyss (a wizard)
 17287 | Abyss:2  | Found a corrupted altar of Lugonu.
 17354 | Abyss:2  | 17354 ||| Stepping ~*~*~tactically~*~*~ (outnumbered).
 17364 | Abyss:2  | 17364 ||| INVOKING Heroism.
 17365 | Abyss:2  | 17365 ||| INVOKING Finesse.
 17373 | Abyss:2  | Noticed a bone dragon
 17398 | Abyss:2  | Killed a bone dragon
 17398 | Abyss:2  | Identified the +5 pair of boots of Marbles {Harm rN+ SInv}
                  | (Okawaru gifted it to you on level 2 of the Abyss)
 17398 | Abyss:2  | Received a gift from Okawaru
 17470 | Abyss:2  | 17470 ||| READING scroll of enchant armour.
 17470 | Abyss:2  | 17470 ||| ENCHANTING +0 pair of gloves.
 17472 | Abyss:2  | Identified the +8 flail of the Chickpea {antimagic, rN+
                  | Int-4 Dex+5}
 17478 | Abyss:2  | Reached skill level 20 in Ranged Weapons
 17492 | Abyss:2  | Noticed a tentacled starspawn
 17500 | Abyss:2  | Killed a tentacled starspawn
 17530 | Abyss:2  | 17530 ||| INVOKING Heroism.
 17571 | Abyss:2  | Noticed a bone dragon
 17590 | Abyss:2  | 17590 ||| INVOKING Heroism.
 17599 | Abyss:2  | Killed a bone dragon
 17600 | Abyss:2  | Reached XP level 16. HP: 37/104 MP: 21/23
 17602 | D:14     | Escaped the Abyss
 17989 | D:14     | 17989 ||| RIP BAZAAR
 17989 | D:14     | 17989 ||| PLANNING D
 17989 | D:14     | 17989 ||| DROPPING +5 pair of boots of Marbles {Harm rN+
                  | SInv}.
 17990 | D:14     | 17990 ||| DROPPING +3 leather armour of willpower.
 18019 | D:15     | Entered Level 15 of the Dungeon
 18101 | D:15     | Found a runed translucent door.
 18169 | D:15     | 18169 ||| Stepping ~*~*~tactically~*~*~ (outnumbered).
 18172 | D:15     | 18172 ||| INVOKING Heroism.
 18202 | D:15     | Found a staircase to the Depths.
 18210 | D:15     | Received a gift from Okawaru
 18289 | D:15     | 18289 ||| READING scroll of enchant armour.
 18289 | D:15     | 18289 ||| ENCHANTING +1 pair of gloves.
 18351 | D:15     | Reached skill level 15 in Fighting
 18421 | D:15     | 18421 ||| INVOKING Heroism.
 18563 | D:15     | 18563 ||| PLANNING ORC
 18563 | D:15     | 18563 ||| DROPPING +0 ring mail of fire resistance.
 18718 | Orc:1    | Entered Level 1 of the Orcish Mines
 18719 | Orc:1    | 18719 ||| RIP BAZAAR
 18728 | Orc:1    | 18728 ||| INVOKING Heroism.
 18888 | Orc:2    | Entered Level 2 of the Orcish Mines
 18910 | Orc:1    | 18910 ||| INVOKING Heroism.
 19020 | Orc:1    | Found Miytofin's Overcharged Wands.
 19045 | Orc:1    | 19045 ||| BUYING wand of digging (11) (693 gold).
 19045 | Orc:1    | Bought a wand of digging (11) for 693 gold pieces
 19089 | Orc:2    | 19089 ||| INVOKING Heroism.
 19090 | Orc:2    | 19090 ||| INVOKING Finesse.
 19091 | Orc:2    | 19091 ||| INVOKING Finesse.
 19320 | Orc:2    | Received a gift from Okawaru
 19322 | Orc:2    | 19322 ||| INVOKING Heroism.
 19329 | Orc:2    | Paralysed by an ogre mage for 3 turns
 19367 | Orc:2    | Reached skill level 9 in Armour
 19392 | Orc:2    | 19392 ||| DROPPING +3 longbow of freezing.
 19406 | Orc:2    | Found Iphum's Distillery.
 19406 | Orc:2    | Found Juoll's Distillery.
 19407 | Orc:2    | Found Ytuss's Assorted Antiques.
 19407 | Orc:2    | Found Dengec's Antique Weapon Shoppe.
 19414 | Orc:2    | 19414 ||| BUYING potion of curing (39 gold).
 19414 | Orc:2    | Bought a potion of curing for 39 gold pieces
 19414 | Orc:2    | 19414 ||| BUYING potion of enlightenment (65 gold).
 19414 | Orc:2    | Bought a potion of enlightenment for 65 gold pieces
 19414 | Orc:2    | 19414 ||| BUYING potion of enlightenment (65 gold).
 19414 | Orc:2    | Bought a potion of enlightenment for 65 gold pieces
 19414 | Orc:2    | 19414 ||| BUYING potion of haste (130 gold).
 19414 | Orc:2    | Bought a potion of haste for 130 gold pieces
 19414 | Orc:2    | 19414 ||| BUYING potion of might (52 gold).
 19414 | Orc:2    | Bought a potion of might for 52 gold pieces
 19415 | Orc:2    | 19415 ||| BUYING embroidered scarf (280 gold).
 19415 | Orc:2    | Bought an embroidered scarf for 280 gold pieces
 19415 | Orc:2    | 19415 ||| BUYING gilded ring (175 gold).
 19415 | Orc:2    | Bought a gilded ring for 175 gold pieces
 19415 | Orc:2    | 19415 ||| BUYING scroll of identify (70 gold).
 19415 | Orc:2    | Bought a scroll of identify for 70 gold pieces
 19415 | Orc:2    | 19415 ||| BUYING scroll of identify (70 gold).
 19415 | Orc:2    | Bought a scroll of identify for 70 gold pieces
 19417 | Orc:2    | 19417 ||| BUYING potion of curing (51 gold).
 19417 | Orc:2    | Bought a potion of curing for 51 gold pieces
 19417 | Orc:2    | 19417 ||| BUYING potion of enlightenment (85 gold).
 19417 | Orc:2    | Bought a potion of enlightenment for 85 gold pieces
 19417 | Orc:2    | 19417 ||| BUYING potion of heal wounds (85 gold).
 19417 | Orc:2    | Bought a potion of heal wounds for 85 gold pieces
 19417 | Orc:2    | 19417 ||| BUYING potion of might (68 gold).
 19417 | Orc:2    | Bought a potion of might for 68 gold pieces
 19417 | Orc:2    | 19417 ||| BUYING potion of mutation (136 gold).
 19417 | Orc:2    | Bought a potion of mutation for 136 gold pieces
 19417 | Orc:2    | 19417 ||| BUYING potion of resistance (170 gold).
 19417 | Orc:2    | Bought a potion of resistance for 170 gold pieces
 19467 | Orc:2    | Found a staircase to the Elven Halls.
 19588 | Orc:2    | Reached ****** piety under Okawaru
 19845 | Orc:2    | 19845 ||| PLANNING SPIDER:1-3
 19845 | Orc:2    | 19845 ||| DROPPING scarf of repulsion.
 19846 | Orc:2    | 19846 ||| DROPPING ring of see invisible.
 20046 | Spider:1 | Entered Level 1 of the Spider Nest
 20104 | Spider:1 | Received a gift from Okawaru
 20229 | Spider:1 | 20229 ||| DRINKING 6 potions of curing.
 20229 | Spider:1 | 20229 ||| (to cure confusion)
 20231 | Spider:1 | 20231 ||| DRINKING 5 potions of curing.
 20231 | Spider:1 | 20231 ||| (to cure confusion)
 20243 | Spider:1 | Reached XP level 17. HP: 115/115 MP: 24/24
 20270 | Spider:1 | 20270 ||| INVOKING Finesse.
 20299 | Spider:1 | 20299 ||| FLEEEEING.
 20300 | Spider:1 | 20300 ||| FLEEEEING.
 20417 | Spider:1 | 20417 ||| FLEEEEING.
 20462 | Spider:1 | 20462 ||| INVOKING Finesse.
 20503 | Spider:1 | 20503 ||| Stepping ~*~*~tactically~*~*~ (outnumbered).
 20687 | Spider:1 | Received a gift from Okawaru
 20857 | Spider:1 | 20857 ||| INVOKING Heroism.
 20893 | Spider:1 | Identified the +0 scale mail "Aclo" {Str+3}
 21057 | Spider:1 | You are sucked into a shaft and drop 1 floor!
 21186 | Spider:2 | 21186 ||| INVOKING Finesse.
 21321 | Spider:1 | 21321 ||| INVOKING Finesse.
 21322 | Spider:1 | 21322 ||| INVOKING Finesse.
 21747 | Spider:2 | 21747 ||| INVOKING Finesse.
 21749 | Spider:2 | Received a gift from Okawaru
 21840 | Spider:2 | 21840 ||| INVOKING Heroism.
 21911 | Spider:2 | 21911 ||| INVOKING Heroism.
 21925 | Spider:2 | Reached skill level 18 in Fighting
 22594 | Spider:3 | 22594 ||| STAIRDANCE
 22616 | Spider:3 | 22616 ||| INVOKING Finesse.
 22675 | Spider:3 | 22675 ||| INVOKING Heroism.
 22865 | Spider:3 | 22865 ||| INVOKING Finesse.
 23047 | Spider:3 | 23047 ||| INVOKING Heroism.
 23057 | Spider:3 | Noticed Agnes
 23058 | Spider:3 | 23058 ||| INVOKING Finesse.
 23064 | Spider:3 | Killed Agnes
 23202 | Spider:3 | 23202 ||| INVOKING Heroism.
 23373 | Spider:3 | Reached skill level 12 in Dodging
 23520 | Spider:3 | Identified the +1 buckler "Linweres" {Int+4} (Okawaru
                  | gifted it to you on level 3 of the Spider Nest)
 23520 | Spider:3 | Received a gift from Okawaru
 23572 | Spider:3 | 23572 ||| PLANNING SWAMP:1-3
 23689 | Swamp:1  | Entered Level 1 of the Swamp
 23699 | Swamp:1  | 23699 ||| STAIRDANCE
 23728 | Swamp:1  | Identified the +0 plate armour "Fehuxanu" {Int+4}
 23738 | Swamp:1  | 23738 ||| INVOKING Heroism.
 23853 | Swamp:1  | 23853 ||| INVOKING Heroism.
 24009 | Swamp:1  | 24009 ||| INVOKING Heroism.
 24010 | Swamp:1  | 24010 ||| INVOKING Finesse.
 24021 | Swamp:1  | Reached XP level 18. HP: 126/126 MP: 18/25
 24249 | Swamp:1  | 24249 ||| DROPPING +1 pair of gloves.
 24296 | Swamp:2  | 24296 ||| INVOKING Heroism.
 24364 | Swamp:2  | 24364 ||| INVOKING Heroism.
 24366 | Swamp:2  | HP: 29/127 [tyrant leech (23)]
 24367 | Swamp:2  | 24367 ||| READING 10 scrolls of teleportation.
 24367 | Swamp:2  | HP: 13/127 [spriggan druid/angry trees (12)]
 24368 | Swamp:2  | 24368 ||| DRINKING 5 potions of heal wounds.
 24369 | Swamp:2  | 24369 ||| DRINKING 4 potions of heal wounds.
 24380 | Swamp:2  | HP: 22/127 [bunyip[a spriggan druid] (17)]
 24381 | Swamp:2  | 24381 ||| READING 9 scrolls of teleportation.
 24382 | Swamp:2  | 24382 ||| DRINKING 3 potions of heal wounds.
 24469 | Swamp:2  | 24469 ||| Stepping ~*~*~tactically~*~*~ (cloud).
 24677 | Swamp:2  | 24677 ||| INVOKING Heroism.
 24878 | Swamp:2  | 24878 ||| INVOKING Heroism.
 24921 | Swamp:2  | 24921 ||| DROPPING amulet of the acrobat.
 24963 | Swamp:3  | 24963 ||| INVOKING Heroism.
 25029 | Swamp:3  | 25029 ||| INVOKING Heroism.
 25032 | Swamp:3  | Received a gift from Okawaru
 25113 | Swamp:3  | 25113 ||| INVOKING Heroism.
 25691 | Swamp:3  | 25691 ||| DROPPING +1 hat.
 25729 | Swamp:4  | Entered Level 4 of the Swamp
 25730 | Swamp:4  | 25730 ||| INVOKING Heroism.
 25748 | Swamp:4  | Received a gift from Okawaru
 25791 | Swamp:4  | 25791 ||| INVOKING Heroism.
 25872 | Swamp:4  | 25872 ||| Stepping ~*~*~tactically~*~*~ (outnumbered).
 25874 | Swamp:4  | 25874 ||| Stepping ~*~*~tactically~*~*~ (outnumbered).
 25878 | Swamp:4  | 25878 ||| Stepping ~*~*~tactically~*~*~ (outnumbered).
 25897 | Swamp:4  | Noticed the 27-headed Lernaean hydra
 25901 | Swamp:4  | 25901 ||| INVOKING Heroism.
 25904 | Swamp:4  | HP: 29/129 [the 27-headed Lernaean hydra (6)]
 25904 | Swamp:4  | HP: 14/129 [swamp dragon (1)]
 25905 | Swamp:4  | 25905 ||| READING 9 scrolls of teleportation.
 25905 | Swamp:4  | HP: 6/129 [the 27-headed Lernaean hydra (6)]
 25905 | Swamp:4  | Slain by the 27-headed Lernaean hydra

Levels and vault maps discovered:
D:1:      minmay_arrival_radiant_lines, layout_basic, kennysheep_pointless_box,
          kennysheep_crisscross
D:2:      layout_basic, shapermc_ecumenical_altar_gd, corner_web_ring,
          minmay_tripent
D:3:      layout_loops_ring, nicolae_qazlal_beasts_of_the_sky,
          nicolae_tso_swordbearing_angel, minmay_pentomino_pile
D:4:      layout_basic, lemuel_coloured_pillars_altar,
          cheibrodos_ashenzari_chains, temple_fountains
D:5:      layout_basic
D:6:      layout_rooms, dk_vineyard_2, hangedman_decor_points,
          chequers_serial_rivers_micro_c, nicolae_shop_fire_sale
          [nicolae_sub_dead_trees], grunt_decor_one_mirror,
          nicolae_concentric_dashed_squares_wild, amethyst_killhole,
          minmay_diced_spiral, uniq_sigmund
D:7:      layout_basic, mainiacjoe_overflow_24_doors,
          fedhas_altar_decomposition, enter_bailey_5, nicolae_the_louvre,
          uniq_joseph, uniq_prince_ribbit1
D:8:      layout_basic, nzn_wu_jian_contemplation, uniq_maggie, uniq_gastronok
D:9:      layout_gridville, serial_shops, shop, minivault_12
D:10:     layout_roguey, reono_crystal_passage, minivault_14,
          nicolae_inconvenience_store, minmay_misc_feat_enclosed,
          chequers_serial_rivers_micro_a, uniq_erolcha
D:11:     layout_loops_ring, lair_entry_dummy, david_orc_1_choice, uniq_urug
D:12:     layout_basic, special_room [special_room_bee],
          makhleb_altar_promises_db
D:13:     layout_cross, skrybe_vaults_entry_preservation,
          fake_guardian_serpent_vault
D:14:     layout_roguey, serial_shops, bzr_firewalk,
          hangedman_abyss_or_decor_passed, serial_corexii_hall,
          corexii_hall_statues_deadend, corexii_hall_statues_i, uniq_snorg
D:15:     grunt_enter_depths_magical_seal, layout_basic, minmay_crystal_box
Temple:   regret_index_temple_generic_petals
Lair:1:   layout_cave_shapes, gauntlet_entry_generic,
          kennysheep_abandoned_house, grunt_megastairs_4, serial_bayou_shore_a,
          uniq_grum, uniq_nergalle
Lair:2:   layout_loops_ring, nicolae_swamp_entry_spooky,
          grunt_forest_large_clearing_hut, grunt_megastairs_1
Lair:3:   layout_gridlike, spider_nest_entry_rubble
Lair:4:   layout_gridlike, beast_lair_carwin_1, uniq_sonja
Lair:5:   gammafunk_lair_ancient_temple, layout_long_grid,
          nicolae_slime_entry_field_trip, basic_altar, serial_forest,
          infiniplex_forest_3_way, infiniplex_forest_straight_4,
          infiniplex_forest_clump_tiny, infiniplex_forest_3_way,
          infiniplex_forest_lined_2, infiniplex_forest_lined_3_way,
          infiniplex_forest_clump_curved, st_stairs_9, cheibrodos_lair_lostbears
Swamp:1:  layout_basic_swamp, evilmike_swamp_ruin_house_3,
          nicolae_swamp_orc_logging_accident, swamp_pool2
Swamp:2:  layout_basic_swamp, evilmike_swamp_ruin_house_5
Swamp:3:  nicolae_swamp_secret_spriggan_hideout, layout_basic_swamp,
          evilmike_swamp_ruin_rubble_1, swamp_pool4
Swamp:4:  swamp, layout_basic_swamp
Spider:1: layout_chambers, nicolae_spider_not_touching_you
Spider:2: layout_chambers
Spider:3: layout_spider_delve, uniq_agnes
Orc:1:    layout_diamond_mine, nicolae_shop_overcharged_wands
Orc:2:    st_orc_ogre_mass, layout_diamond_mine

Skill      XL: |  1  2  3  4  5  6  7  8  9 10 11 12 13 14 15 16 17 18 |
---------------+-------------------------------------------------------+-----
Ranged Weapons | 3 4 5 6 7 9 10 11 13 15 17 18 20 | 20.0
Fighting       | 2 3 4 5 7 8 10 11 12 13 16 18 19 | 19.9
Armour         | 1 2 4 7 9 10 | 10.0
Invocations    | 1 3 4 5 9 10 | 10.0
Dodging        | 3 5 6 7 9 10 12 13 | 13.0
Spellcasting   | |  1.0
Hexes          | |  2.6

Action                     |  1- 3 |  4- 6 |  7- 9 | 10-12 | 13-15 | 16-18 || total
---------------------------+-------+-------+-------+-------+-------+-------++-------
   Fire: Sling             |   114 |   220 |   267 |       |       |       ||   601
         Longbow           |       |       |    67 |   391 |   941 |  1240 ||  2639
 Invoke: Heroism           |       |       |    11 |    19 |    21 |    25 ||    76
         Finesse           |       |       |       |     4 |     6 |    10 ||    20
    Use: Scroll            |     2 |     7 |    10 |     4 |     5 |     4 ||    32
         Potion            |       |     2 |     8 |     2 |     1 |     5 ||    18
 Armour: Robe              |    11 |       |     2 |    76 |   103 |       ||   192
         Ring mail         |       |    85 |   149 |       |       |       ||   234
         Troll leather arm |       |       |       |       |    37 |   259 ||   296
  Dodge: Dodged            |    17 |    95 |   147 |   178 |   306 |   459 ||  1202
         Repelled          |       |       |       |     1 |     7 |     4 ||    12
  Block: Other             |     9 |    44 |    51 |     8 |       |       ||   112
         Reflection        |       |       |     2 |     1 |       |       ||     3

Table legend:
 A = Non-vault XP
 B = Vault XP
 C = Vault XP percentage of total XP
 D = Non-vault monster count
 E = Vault monster count
 F = Vault count percentage of total count
                 A         B        C        D         E       F
            +---------+---------+-------+---------+---------+-------
      Total |  212757 |   79161 |  27.1 |     758 |     226 |  23.0
            +---------+---------+-------+---------+---------+-------
        D:1 |      30 |       0 |   0.0 |      20 |       0 |   0.0
        D:2 |     100 |       6 |   5.7 |      22 |       2 |   8.3
        D:3 |     177 |     140 |  44.2 |      16 |       4 |  20.0
        D:4 |     232 |       0 |   0.0 |      19 |       0 |   0.0
        D:5 |     397 |       0 |   0.0 |      15 |       0 |   0.0
        D:6 |     587 |     280 |  32.3 |      14 |       3 |  17.6
        D:7 |    1085 |     753 |  41.0 |      13 |       6 |  31.6
        D:8 |    2024 |    1912 |  48.6 |      22 |       2 |   8.3
        D:9 |    2020 |       0 |   0.0 |      40 |       0 |   0.0
       D:10 |    2750 |     854 |  23.7 |      24 |       1 |   4.0
       D:11 |    4974 |    1645 |  24.9 |      21 |      10 |  32.3
       D:12 |    8346 |    2534 |  23.3 |      21 |      25 |  54.3
       D:13 |    4113 |    4665 |  53.1 |      13 |      10 |  43.5
       D:14 |    7820 |     951 |  10.8 |      20 |       1 |   4.8
       D:15 |   11374 |    4183 |  26.9 |      27 |       9 |  25.0
     Lair:1 |    5917 |    3639 |  38.1 |      18 |      22 |  55.0
     Lair:2 |   10195 |    7256 |  41.6 |      36 |      19 |  34.5
     Lair:3 |    3449 |     181 |   5.0 |      13 |       1 |   7.1
     Lair:4 |    9638 |    5022 |  34.3 |      25 |      12 |  32.4
     Lair:5 |   12624 |    9407 |  42.7 |      44 |      27 |  38.0
    Swamp:1 |   12113 |       0 |   0.0 |      25 |       0 |   0.0
    Swamp:2 |   17468 |       0 |   0.0 |      38 |       0 |   0.0
    Swamp:3 |   16160 |    1094 |   6.3 |      27 |       5 |  15.6
    Swamp:4 |    6475 |    5798 |  47.2 |      12 |      10 |  45.5
   Spider:1 |   22926 |    2521 |   9.9 |      59 |       4 |   6.3
   Spider:2 |   13083 |       0 |   0.0 |      31 |       0 |   0.0
   Spider:3 |   15806 |    1534 |   8.8 |      36 |       1 |   2.7
      Orc:1 |    4197 |       0 |   0.0 |      21 |       0 |   0.0
      Orc:2 |    4788 |   17762 |  78.8 |      47 |      36 |  43.4
    Abyss:2 |   11009 |    4549 |  29.2 |      16 |       6 |  27.3
   Gauntlet |     880 |    2475 |  73.8 |       3 |      10 |  76.9
            +---------+---------+-------+---------+---------+-------
